 Dungeon Crawl Stone Soup version 0.28-a0-1199-gef9e1dbd39 (webtiles) character file.

Game seed: 7373783138611632872

8296 ChaosChampion the Grappler (level 11, -1/90 (95) HPs)
             Began as a Red Draconian Transmuter on Dec 19, 2021.
             Was a High Priest of Ru.
             Slain by a wraith (9 damage)
             ... led by Josephine
             ... on level 9 of the Dungeon.
             The game lasted 00:22:17 (13923 turns).

ChaosChampion the Grappler (DrTm)                  Turns: 13923, Time: 00:22:18

HP:   -1/90 (95)    AC: 11    Str: 13    XL:     11   Next: 8%
MP:   18/18         EV: 14    Int: 17    God:    Ru [*****.]
Gold: 432           SH:  0    Dex: 12    Spells: 13/20 levels left

rFire   + . .      SeeInvis .     - Unarmed
rCold   . . .      Faith    +   (shield unavailable)
rNeg    . . .      Spirit   .   (armour unavailable)
rPois   .          Reflect  .   (helmet currently unavailable)
rElec   .          Harm     .   (no cloak)
rCorr   .          Rampage  .   (no gloves)
Will    .....                   (boots currently unavailable)
Stlth   +.........              z - amulet of faith
HPRegen 0.25/turn               (ring unavailable)
MPRegen 0.16/turn               t - +4 ring of protection

@: appendages, slowed, drained, very slow
A: horns 2, talons 2, breathe fire, AC +7, unfitting armour, fire resistance 1,
cold-blooded, missing a hand, hated by all
a: Breathe Fire, End Transformation, Renounce Religion, Draw Out Power, Power
Leap, Apocalypse


You were on level 9 of the Dungeon.
You worshipped Ru.
Ru was extremely pleased with you.
You had temporarily grown beastly horns and talons.
You visited 2 branches of the dungeon, and saw 11 of its levels.

You collected 558 gold pieces.
You spent 126 gold pieces at shops.

Inventory:

Missiles
 j - 28 poisoned darts
 w - 2 javelins
Armour
 c - a +0 pair of boots (melded)
Magical Staves
 J - a staff of cold
Jewellery
 s - an amulet of regeneration
 t - a +4 ring of protection (right hand)
 z - an amulet of faith (around neck)
 D - a +4 ring of protection
Wands
 h - a wand of paralysis (10)
 v - a wand of polymorph (8)
 y - a wand of flame (7)
 E - a wand of digging (1)
 G - a wand of acid (11)
Scrolls
 a - 3 scrolls of immolation {unknown}
 d - 6 scrolls of teleportation {unknown}
 f - 3 scrolls of vulnerability {unknown}
 k - 6 scrolls of blinking {unknown}
 l - a scroll of enchant weapon {unknown}
 m - a scroll of brand weapon {unknown}
 r - 3 scrolls of noise {unknown}
 x - a scroll of acquirement {unknown}
 A - 3 scrolls of enchant armour
 B - 5 scrolls of identify
 C - a scroll of silence {unknown}
 I - a scroll of holy word {unknown}
Potions
 b - 5 potions of curing
 e - a potion of degeneration
 g - a potion of magic {unknown}
 i - 2 potions of attraction
 n - 2 potions of lignification
 o - a potion of resistance
 p - a potion of might {unknown}
 q - 2 potions of flight {unknown}
 u - 2 potions of brilliance {unknown}
 H - a potion of ambrosia {unknown}
 K - a potion of haste {unknown}


   Skills:
 + Level 8.4 Fighting
 + Level 7.1 Dodging
 * Level 11.1 Unarmed Combat
 - Level 5.0 Spellcasting
 + Level 6.8 Transmutations


You had 13 spell levels left.
You knew the following spells:

 Your Spells              Type           Power      Damage    Failure   Level
a - Beastly Appendage     Tmut           54%        N/A       1%          1
b - Wereblood             Tmut           27%        N/A       1%          2
c - Ice Form              Ice/Tmut       15%        N/A       34%         4

Your spell library contained the following spells:

 Spells                   Type           Power      Damage    Failure   Level
 Spider Form              Tmut/Pois      15%        N/A       11%         3
 Pain                     Necr           16%        1d4       14%         1
 Slow                     Hex            16%        N/A       14%         1
 Confusing Touch          Hex            4%         N/A       38%         3
 Vampiric Draining        Necr           4%         2d6       38%         3
 Agony                    Necr           4%         N/A       98%         5
 Excruciating Wounds      Necr           2%         N/A       98%         5
 Summon Small Mammal      Summ           Unusable   N/A       N/A         1
 Call Canine Familiar     Summ           Unusable   N/A       N/A         3
 Summon Guardian Golem    Hex/Summ       Unusable   N/A       N/A         3

Dungeon Overview and Level Annotations

Branches:
Dungeon (10/15)            Temple (1/1) D:4
   Lair: D:8-11         Orc: D:9-12

Altars:
Ashenzari
Cheibriados
Dithmenos
Elyvilon
Fedhas
Gozag
Hepliaklqana
Kikubaaqudgha
Makhleb
Nemelex Xobeh
Okawaru
Qazlal
Ru
Sif Muna
Trog
Uskayaw
Vehumet
Wu Jian
Xom
Yredelemnul
Zin
The Shining One

Shops:
D:6 ?((


Innate Abilities, Weirdness & Mutations

You have temporarily grown beastly horns and talons.
You can breathe blasts of fire.
Your fiery red scales are hard. (AC +7)
You cannot fit into any form of body armour.
Your flesh is heat resistant. (rF+)
You are cold-blooded and may be slowed by cold attacks.
You are missing a hand.
You are hated by all.


Message History

The wraith barely misses the wraith.
You are too injured to fight recklessly!
You are too injured to fight recklessly!
The wraith misses you.
Your primal bloodlust has ended.
The wraith closely misses you. The wraith hits you.
* * * LOW HITPOINT WARNING * * *
The wraith drains your vigour!
You feel as though you will be slow longer.
The wraith completely misses you.
The wraith is stunned by your conviction and fails to attack.
Casting: Wereblood (safe; 1% risk of failure)
Confirm with . or Enter, or press ? or * to list all spells.
You grow a pair of large bovine horns.
Your feet morph into talons.
Your +0 pair of boots melds into your body.
The wraith barely misses you.
You barely miss the wraith. You claw the wraith, but do no damage.
The wraith is severely damaged.
The wraith hits you but does no damage. The wraith hits you.
* * * LOW HITPOINT WARNING * * *
The wraith drains your vigour!
You feel as though you will be slow longer.
The wraith hits you.
* * * LOW HITPOINT WARNING * * *
The wraith hits you.
* * * LOW HITPOINT WARNING * * *
The wraith hits you but does no damage.
You have got your breath back.
The wraith misses you. The wraith hits you!
* * * LOW HITPOINT WARNING * * *
You focus your inner power and blind the wraith in retribution!
The wraith is no longer blind.
The wraith hits you.
* * * LOW HITPOINT WARNING * * *
The wraith drains your vigour!
You feel as though you will be slow longer.
The wraith hits you!
You die...

....#......#.#.....#.........'...
....#......#.#.....#....####.#...
....#......#.#.....#....####.#...
....#......#.#.....#.........#...
...........#.#.....#.........#...
.............#######.........###.
###.....)#####.+........########.
.Y#......#.....#.##Y....#......†.
..#.####.#.....#@##.>...#........
..'.# #.#.....#W##.....#........
..#.####.#...#.Y.##.....#........
###......#.##W##.##.....+........
.........#.#.⌠.#........#########
...#####'#W##.##.................
...#.........#...................
##.#...............##########....
...#..........#....##########....


You could see a yak and a wraith.

Vanquished Creatures
  Josephine (D:9)
  A cyclops (D:7)
  Joseph (D:7)
  Grinder (D:5)
  A vampire (D:6)
  3 wraiths
  A basilisk (D:9)
  14 yaks (D:9)
  Grum (D:8)
  Edmund (D:4)
  A steam dragon (D:7)
  An acid dragon (D:10)
  3 orc warriors
  A sky beast (D:7)
  A black bear (D:7)
  3 wolves (D:8)
  2 ogres
  2 centaurs
  3 bullfrogs
  3 kobold brigands
  4 scorpions
  A water moccasin zombie (D:6)
  A wyvern skeleton (D:7)
  14 killer bees (D:9)
  4 wights (D:7)
  4 howler monkeys
  3 centaur zombies
  3 orc priests
  3 hounds
  2 jellies (D:6)
  A bullfrog skeleton (D:4)
  2 centaur skeletons
  An iguana (D:4)
  11 orc wizards
  3 killer bee zombies
  3 gnolls (D:3)
  7 adders
  2 shadow imps (D:7)
  2 white imps
  2 ufetubi
  2 worms
  3 dart slugs
  28 orcs
  8 ball pythons
  4 endoplasms
  A giant cockroach (D:1)
  10 goblins
  5 hobgoblins
  6 jackals
  A quokka (D:4)
  3 bats
  21 kobolds
  4 rats
214 creatures vanquished.

Vanquished Creatures (others)
  An ogre (D:7)
  A centaur skeleton (D:7)
  3 fungi (D:2)
  A plant (D:2)
6 creatures vanquished.

Grand Total: 220 creatures vanquished

Notes
Turn   | Place    | Note
-------+----------+-------------------------------------------
     0 | D:1      | ChaosChampion the Draconian Transmuter began the quest for
                  | the Orb.
     0 | D:1      | Reached XP level 1. HP: 16/16 MP: 3/3
   149 | D:1      | Reached XP level 2. HP: 17/23 MP: 5/5
   376 | D:1      | Learned a level 2 spell: Wereblood
   938 | D:1      | Reached XP level 3. HP: 27/29 MP: 2/6
  1697 | D:2      | Found a faded altar of an unknown god.
  1754 | D:2      | Reached skill level 4 in Unarmed Combat
  2130 | D:3      | Noticed a scorpion
  2149 | D:3      | Killed a scorpion
  2150 | D:3      | Reached XP level 4. HP: 33/37 MP: 3/7
  2457 | D:3      | Reached XP level 5. HP: 36/42 MP: 6/8
  3353 | D:4      | Found a burning altar of Makhleb.
  3353 | D:4      | Noticed a green death
  3403 | D:4      | Reached skill level 5 in Unarmed Combat
  3584 | D:4      | Noticed Edmund
  3869 | D:4      | Noticed an ogre
  3958 | D:4      | Reached XP level 6. HP: 43/51 MP: 7/9
  4006 | D:4      | Found a staircase to the Ecumenical Temple.
  4018 | Temple   | Entered the Ecumenical Temple
  4087 | Temple   | Became a worshipper of Ru the Awakened
  5102 | D:4      | Killed Edmund
  5103 | D:4      | Reached skill level 6 in Unarmed Combat
  5369 | D:4      | Your scales start taking on a fiery red colour.
  5369 | D:4      | Reached XP level 7. HP: 59/59 MP: 8/10
  5369 | D:4      | Gained mutation: Your flesh is heat resistant. (rF+) [Red
                  | Draconian growth]
  5430 | D:4      | Found a shimmering altar of Xom.
  5437 | D:4      | Found a blossoming altar of Fedhas.
  5440 | D:4      | Found a hide-covered altar of Uskayaw.
  5646 | D:5      | Entered Level 5 of the Dungeon
  5986 | D:5      | Noticed Grinder
  5998 | D:5      | Paralysed by Grinder for 7 turns
  6017 | D:5      | Killed Grinder
  6113 | D:5      | Reached XP level 8. HP: 52/67 MP: 9/12
  6786 | D:6      | Found Xyzyl's Magic Scroll Emporium.
  6788 | D:6      | Reached skill level 7 in Unarmed Combat
  6788 | D:6      | Found Xiewn's Weapon Shoppe.
  6788 | D:6      | Found Sugud's Weapon Shop.
  6797 | D:6      | Bought a scroll of enchant armour for 82 gold pieces
  6797 | D:6      | Bought a scroll of identify for 22 gold pieces
  6797 | D:6      | Bought a scroll of identify for 22 gold pieces
  7023 | D:6      | Reached skill level 5 in Fighting
  7119 | D:6      | Gained mutation: You are missing a hand. [Ru sacrifice]
  7119 | D:6      | Reached * piety under Ru
  7119 | D:6      | Reached ** piety under Ru
  7119 | D:6      | Reached *** piety under Ru
  8260 | D:7      | Noticed a cyclops
  8960 | D:7      | Noticed Joseph
  8970 | D:7      | Killed Joseph
  8971 | D:7      | Reached skill level 5 in Dodging
  8971 | D:7      | Reached skill level 8 in Unarmed Combat
  8971 | D:7      | Reached XP level 9. HP: 60/75 MP: 15/15
  9409 | D:7      | Found a glowing silver altar of Zin.
  9495 | D:7      | Killed a cyclops
  9496 | D:7      | Reached skill level 5 in Spellcasting
  9880 | D:7      | Identified the +7 hunting sling of the Endless Expanse
                  | {freeze, +Blink Str+5 Stlth+}
  9970 | D:7      | Found an opulent altar of Gozag.
 10185 | D:8      | Found a broken altar of Ashenzari.
 10223 | D:8      | Found a shadowy altar of Dithmenos.
 10225 | D:8      | Reached skill level 9 in Unarmed Combat
 10228 | D:8      | Reached skill level 5 in Transmutations
 10494 | D:8      | Noticed Grum
 10563 | D:8      | Killed Grum
 10824 | D:8      | Reached XP level 10. HP: 69/84 MP: 14/17
 11176 | D:8      | Found an iron altar of Okawaru.
 11624 | D:9      | Gained mutation: You are hated by all. [Ru sacrifice]
 11624 | D:9      | Reached **** piety under Ru
 11624 | D:9      | Reached ***** piety under Ru
 12002 | D:9      | Reached skill level 10 in Unarmed Combat
 13361 | D:9      | Learned a level 4 spell: Ice Form
 13418 | D:10     | Entered Level 10 of the Dungeon
 13418 | D:10     | Noticed Josephine
 13439 | D:9      | Killed Josephine
 13440 | D:9      | Reached skill level 11 in Unarmed Combat
 13440 | D:9      | Reached XP level 11. HP: 25/88 MP: 8/18
 13923 | D:9      | Slain by a wraith

Illustrated notes

Levels and vault maps discovered:
D:1:      noname_arrival_rooms_in_the_neighbourhood, layout_rooms
D:2:      layout_loops_ring, shapermc_ecumenical_altar_hornbeckon,
          chequers_avenue
D:3:      layout_loops_ring, serial_bayou_crossing
D:4:      layout_basic, minitemple, makhleb_altar_promises_db,
          minmay_temple_entry_stoned_glass, uniq_edmund
D:5:      layout_rooms, uniq_grinder
D:6:      layout_layer_cave, amcnicky_mini_pool_small, nicolae_wooded_promenade
D:7:      kb_forest_paths, layout_loops_ring,
          pdpol_temple_overflow_zin_treasury_gozag_greed,
          kennysheep_generic_room_3, uniq_joseph
D:8:      layout_basic, mainiacjoe_overflow_brackets,
          mainiacjoe_overflow_alcove_2, lemuel_coloured_pillars_altar,
          st_stairs_7, uniq_grum
D:9:      layout_stronghold, grunt_decor_one_mirror
D:10:     layout_cross, uniq_josephine
Temple:   nicolae_temple_god_jail

Skill      XL: |  1  2  3  4  5  6  7  8  9 10 |
---------------+-------------------------------+-----
Dodging        | 2 3 4 5 7 |  7.1
Fighting       | 2 3 4 5 6 8 |  8.4
Unarmed Combat | 4 5 6 8 9 11 | 11.1
Spellcasting   | 3 4 5 |  5.0
Transmutations | 4 5 6 |  6.8

Action                   |  1- 3 |  4- 6 |  7- 9 | 10-12 || total
-------------------------+-------+-------+-------+-------++-------
Melee: Unarmed           |   102 |   112 |   308 |   220 ||   742
       Kick              |    13 |    24 |    40 |    50 ||   127
       Headbutt          |     9 |    14 |    25 |    29 ||    77
       Tailslap          |    10 |     9 |    30 |    17 ||    66
       Punch             |     1 |     2 |     1 |       ||     4
 Cast: Beastly Appendage |    24 |    22 |    38 |    22 ||   106
       Wereblood         |    10 |     5 |     9 |    16 ||    40
Invok: Sacrifice a Hand  |       |       |     1 |       ||     1
       Apocalypse        |       |       |       |     1 ||     1
       Sacrifice Love    |       |       |       |     1 ||     1
 Abil: Breathe Fire      |       |       |    37 |    16 ||    53
  Use: Scroll            |       |       |     6 |       ||     6
       Potion            |       |       |     1 |     2 ||     3
 Stab: Invisible         |       |       |       |     8 ||     8
       Distracted        |       |       |       |     1 ||     1
Armor: Skin              |    27 |    20 |   111 |    95 ||   253
Dodge: Dodged            |    63 |    79 |   209 |   244 ||   595

Table legend: (Time is in decaauts)
 A = Elapsed time spent in this place.
 B = Non-inter-level travel time spent in this place.
 C = Inter-level travel time spent in this place.
 D = Time resting spent in this place.
 E = Time spent auto-exploring this place.
 F = Levels seen in this place.
 G = Mean time per level.
                   A        B        C        D        E       F      G
               +--------+--------+--------+--------+--------+-----+--------+
         Total |  13877 |  13533 |    344 |   1805 |   9045 |  11 | 1261.5 |
       Dungeon |  13799 |  13455 |    344 |   1805 |   8995 |  10 | 1379.9 |
        Temple |     78 |     78 |      0 |      0 |     50 |   1 |   78.0 |
               +--------+--------+--------+--------+--------+-----+--------+

Top non-repeatable levels by time:
     D:9: 2423 daAuts
     D:7: 1950 daAuts
     D:4: 1806 daAuts
     D:6: 1802 daAuts
     D:3: 1589 daAuts
     D:8: 1172 daAuts
     D:2: 1139 daAuts
     D:1: 1029 daAuts
     D:5: 857 daAuts
  Temple: 78 daAuts
    D:10: 27 daAuts
